 Dungeon Crawl Stone Soup version 0.32-a0-599-gba8f9cf90e (webtiles) character file.

Game seed: 4558237487715246223

38 runemasterragnar the Charlatan (level 3, 0/28 HPs)
             Began as a Coglin Artificer on Mar 2, 2024.
             Succumbed to an adder's poison
             ... on level 2 of the Dungeon.
             The game lasted 00:00:46 (795 turns).

runemasterragnar the Charlatan (Coglin Artificer)    Turns: 795, Time: 00:00:46

Health: 0/28       AC:  3    Str: 14    XL:     3   Next: 43%
Magic:  3/3        EV: 11    Int: 10    God:
Gold:   10         SH:  0    Dex: 14    Spells: 2/2 levels left

rFire   . . .        a - +0 club {Seojun}
rCold   . . .        f - +0 dagger {Qing}
rNeg    . . .        b - +0 leather armour
rPois   .            (no helmet)
rElec   .            (no cloak)
rCorr   .            (no gloves)
SInv    .            (no boots)
Will    .....        (amulet unavailable)
Stlth   +            (ring unavailable)
HPRegen 0.24/turn    (ring unavailable)
MPRegen 0.08/turn    (no gizmo)

%: no passive effects
@: lethally poisoned (0 -> -2), revving
A: off-hand wielding, slow wielding, warmup strikes, no jewellery
a: Invent Gizmo


You were on level 2 of the Dungeon.
You visited 1 branch of the dungeon, and saw 2 of its levels.

You collected 10 gold pieces.

Inventory:

Hand Weapons
 a - a +0 club (weapon) {Seojun}
 f - a +0 dagger (offhand) {Qing}
Armour
 b - a +0 leather armour (worn)
Wands
 c - a wand of flame (15) (quivered)
 d - a wand of charming (15)
 e - a wand of iceblast (5)
Scrolls
 g - a scroll of poison {unknown}
 h - a scroll of teleportation {unknown}


   Skills:
 * Level 2.6 Fighting
 - Level 1.7 Armour
 - Level 0.8 Dodging
 - Level 0.7 Stealth
 + Level 4.7 Evocations


You had 2 spell levels left.
You didn't know any spells.
Your spell library was empty.

Dungeon Overview and Level Annotations

Branches:
Dungeon (2/15)

Altars:


Innate Abilities, Weirdness & Mutations

You can wield a second weapon in your off-hand.
It takes a long time for you to wield or remove held weapons.
Your first few attacks do less damage.
You cannot equip rings or amulets.


Message History

You hit the adder but do no damage. The adder barely misses you. x2
You closely miss the adder with your +0 club.
The adder is heavily wounded.
You closely miss the adder with your +0 dagger.
The adder closely misses you.
You hit the adder with your +0 dagger.
The adder is almost dead.
You closely miss the adder with your +0 club.
The adder bites you.
You are poisoned.
The adder poisons you! The adder bites you.
* * * LOW HITPOINT WARNING * * *
You are lethally poisoned!
The adder poisons you!
You aren't carrying any potions.
Unknown command.
You barely miss the adder with your +0 dagger.
The adder is almost dead.
You closely miss the adder with your +0 club.
* * * LOW HITPOINT WARNING * * *
You feel very sick. The adder barely misses you.
You closely miss the adder with your +0 club.
The adder is almost dead.
You barely miss the adder with your +0 dagger.
* * * LOW HITPOINT WARNING * * *
You feel sick. The adder closely misses you.
You hit the adder with your +0 dagger.
You kill the adder!
* * * LOW HITPOINT WARNING * * *
You feel sick.
* * * LOW HITPOINT WARNING * * *
You feel sick.
There is a stone staircase leading up, spattered with blood here.
You see here an adder corpse.
* * * LOW HITPOINT WARNING * * *
You feel sick.
* * * LOW HITPOINT WARNING * * *
You feel sick.
You die...

#. ... #.
#..## #.
.... #
#.##...#>.
#.......#
......
##.#.##.#
#.......#
#.@###..#
#..###..#
#.......#
#.#<##.##
#.#.#
#......#
###.####
#.# #.#


There were no monsters in sight!

Vanquished Creatures
  2 adders (D:2)
  A ball python (D:1)
  4 endoplasms (D:1)
  A giant cockroach (D:1)
  3 goblins (D:1)
  A hobgoblin (D:1)
  2 bats (D:1)
  A frilled lizard (D:1)
  3 kobolds (D:1)
  2 rats (D:1)
20 creatures vanquished.

Notes
Turn   | Place    | Note
-------+----------+-------------------------------------------
     0 | D:1      | runemasterragnar the Coglin Artificer began the quest for
                  | the Orb.
     0 | D:1      | Reached XP level 1. HP: 15/15 MP: 1/1
   122 | D:1      | Reached XP level 2. HP: 9/22 MP: 2/2
   781 | D:2      | Reached XP level 3. HP: 10/28 MP: 3/3
   793 | D:2      | HP: 1/28 [poisoned by an adder]
   795 | D:2      | Succumbed to an adder's poison

Illustrated notes

Levels and vault maps discovered:
D:1:      erik_arrival_orb_chamber, layout_loops_ring
D:2:      kennysheep_the_goblin_king, layout_loops_cross, kennysheep_nub,
          uniq_sigmund

Skill      XL: |  1  2 |
---------------+-------+-----
Fighting       | 2 |  2.6
Armour         | |  1.7
Dodging        | |  0.8
Stealth        | |  0.7
Evocations     | |  4.7

Action                     || total
---------------------------++-------
  Melee: Club              ||    63
         Dagger            ||    62
   Stab: Sleeping          ||     1
 Armour: Leather armour    ||    44
  Dodge: Dodged            ||    41

Table legend: (Time is in decaauts)
 A = Elapsed time spent in this place.
 B = Non-inter-level travel time spent in this place.
 C = Inter-level travel time spent in this place.
 D = Time resting spent in this place.
 E = Time spent auto-exploring this place.
 F = Levels seen in this place.
 G = Mean time per level.
                   A        B        C        D        E       F      G
               +--------+--------+--------+--------+--------+-----+--------+
         Total |    804 |    772 |     32 |      0 |    619 |   2 |  402.0 |
       Dungeon |    804 |    772 |     32 |      0 |    619 |   2 |  402.0 |
               +--------+--------+--------+--------+--------+-----+--------+

Top non-repeatable levels by time:
     D:1: 770 daAuts
     D:2: 34 daAuts
